 Dungeon Crawl Stone Soup version 0.23.2-1-ga50397a6bc (webtiles) character file.

Game seed: 12468221810636289078

522 Norn the Conjurer (level 6, -7/51 HPs)
             Began as a Demigod Conjurer on Apr 19, 2019.
             Killed by nerve-wracking pain
             ... invoked by Grinder
              (14 damage)
             ... on level 5 of the Dungeon.
             The game lasted 00:18:57 (5180 turns).

Norn the Conjurer (Demigod Conjurer)                Turns: 5180, Time: 00:18:57

Health: -7/51      AC:  7    Str: 11    XL:     6   Next: 70%
Magic:  5/14       EV: 12    Int: 23    God:
Gold:   347        SH:  0    Dex: 16    Spells: 6/11 levels left

rFire    . . .     SeeInvis .   h - +0 short sword
rCold    . . .     Gourm    +   (no shield)
rNeg     . . .     Faith    .   r - +3 leather armour
rPois    .         Spirit   .   n - +1 hat
rElec    .         Reflect  .   o - scarf {cloud immunity}
rCorr    .         Harm     .   (no gloves)
MR       .....                  (no boots)
Stlth    ++........             f - amulet of the gourmand
HPRegen  0.17/turn              (no ring)
MPRegen  0.14/turn              (no ring)

@: very slightly contaminated
A: high mp 1
a: no special abilities


You were on level 5 of the Dungeon.
You were not hungry.

You visited 1 branch of the dungeon, and saw 5 of its levels.

You collected 347 gold pieces.

Inventory:

Hand Weapons
 h - a +0 short sword (weapon)
   (You took it off a kobold on level 1 of the Dungeon)
 w - the cursed +2 short sword "Pulye" {flame, *Contam rN++ Dex+5, unknown}
   (You found it on level 4 of the Dungeon)

   It has been specially enchanted to burn those struck by it, causing extra
   injury to most foes and up to half again as much damage against particularly
   susceptible opponents.
   It affects your dexterity (+5).
   It greatly protects you from negative energy.
   It causes magical contamination when unequipped.
   It has a curse placed upon it.
Missiles
 p - 6 javelins of returning (quivered)
Armour
 a - a +0 robe
 k - a +0 shield
   (You found it on level 4 of the Dungeon)
 n - a +1 hat (worn)
   (You found it on level 2 of the Dungeon)
 o - a scarf of cloud immunity (worn)
   (You found it on level 3 of the Dungeon)
 r - a +3 leather armour (worn)
   (You took it off an orc priest on level 3 of the Dungeon)
Jewellery
 f - an amulet of the gourmand (around neck)
   (You found it on level 1 of the Dungeon)
 s - an uncursed ring of flight {unknown}
   (You found it on level 4 of the Dungeon)
 t - a +2 ring of protection {unknown}
   (You found it on level 4 of the Dungeon)
 x - a +2 ring of strength {unknown}
   (You found it on level 4 of the Dungeon)
Wands
 v - a wand of digging (6)
   (You found it on level 2 of the Dungeon)
Scrolls
 b - 2 scrolls of enchant armour
 c - 2 scrolls of remove curse {@r2}
 l - 3 scrolls of identify {@r1}
 u - a scroll of amnesia {unknown}
Potions
 d - a potion of mutation {unknown}
 g - a potion of might {unknown}
 i - a potion of resistance {unknown}
 j - a potion of flight
 m - a potion of agility
 q - a potion of invisibility {unknown}
Comestibles
 e - 6 rations {!d}


   Skills:
 + Level 3.0 Fighting
 - Level 1.7 Dodging
 - Level 1.7 Stealth
 + Level 3.4 Spellcasting
 * Level 6.1 Conjurations


You had 6 spell levels left.
You knew the following spells:

 Your Spells              Type           Power        Failure   Level  Hunger
a - Magic Dart            Conj           ####         1%          1    None
x - Iskenderun's Mystic   Conj           ####....     12%         4    ####...

Your spell library contained the following spells:

 Spells                   Type           Power        Failure   Level  Hunger
 Searing Ray              Conj           ####..       1%          2    ##.....
 Dazzling Spray           Conj/Hex       ###...       13%         3    ###....
 Force Lance              Conj/Tloc      ###.....     38%         4    ####...
 Fulminant Prism          Conj/Hex       ###.......   38%         4    ####...


Dungeon Overview and Level Annotations

Branches:
Dungeon (5/15)
 Temple: D:4-7

Shops:
D:4 [

Annotations:
D:5 Grinder


Innate Abilities, Weirdness & Mutations

You have an increased reservoir of magic. (+10% MP)


Message History

The magic dart hits the jelly.
The jelly quivers.
Aim: a jelly (lightly wounded)
The magic dart hits the jelly!
Aim: a jelly (severely wounded)
The magic dart hits the jelly.
Aim: a jelly (severely wounded)
The magic dart hits the jelly.
You kill the jelly!
You now have 333 gold pieces (gained 4).
You now have 347 gold pieces (gained 14).
Grinder comes into view.
Grinder shouts!
Grinder gestures at you. You resist with some effort.
Found 27 stones.
Aim: Grinder The magic dart hits Grinder.
Grinder gestures at you. You resist with some effort.
Aim: Grinder The orb of energy hits Grinder!
The orb of energy explodes!
Aim: Grinder (heavily wounded)
You miscast Iskenderun's Mystic Blast.
You are very lightly contaminated with residual magic.
A wave of violent energy washes through your body!
Aim: Grinder (heavily wounded)
The orb of energy hits Grinder.
Grinder hits you!
You writhe in agony.
Grinder gestures at you.
You suddenly lose the ability to move!
Grinder hits you but does no damage.
You can move again.
Grinder gestures at you.
You suddenly lose the ability to move!
Grinder hits you but does no damage. Grinder gestures at you.
Pain shoots through your body!
* * * LOW HITPOINT WARNING * * *
Grinder hits you.
* * * LOW HITPOINT WARNING * * *
You can move again.
Unknown command.
Grinder gestures at you. Pain shoots through your body!
* * * LOW HITPOINT WARNING * * *
Grinder grins, showing sharp teeth.
There is a stone staircase leading up here.
Grinder gestures at you. Pain shoots through your body!
You die...

##########
#.@.......
#.########
#5# #.#
#.# #.#
#.# #.#
#.#


You could see Grinder.

Vanquished Creatures
  2 howler monkeys (D:4)
  A jelly (D:5)
  2 orc priests
  An orc wizard (D:4)
  2 iguanas (D:4)
  3 worker ants
  3 gnolls (D:2)
  5 adders
  A howler monkey skeleton (D:4)
  A shadow imp (D:4)
  2 oozes
  An adder skeleton (D:4)
  3 worms
  2 dart slugs
  4 leopard geckos
  8 orcs
  2 ball pythons
  4 giant cockroaches
  8 goblins
  3 hobgoblins
  13 jackals
  2 quokkas
  6 bats
  5 frilled lizards
  A jackal skeleton (D:3)
  7 kobolds
  5 rats
97 creatures vanquished.

Notes
Turn   | Place    | Note
-------+----------+-------------------------------------------
     0 | D:1      | Norn the Demigod Conjurer began the quest for the Orb.
     0 | D:1      | Reached XP level 1. HP: 14/14 MP: 5/5
   333 | D:1      | Reached XP level 2. HP: 22/22 MP: 0/7
   659 | D:1      | Reached skill level 4 in Conjurations
  1179 | D:2      | Reached skill level 1 in Fighting
  1279 | D:2      | Reached XP level 3. HP: 28/28 MP: 5/8
  1384 | D:2      | Found an opulent altar of Gozag.
  2019 | D:2      | Reached XP level 4. HP: 35/35 MP: 0/10
  2762 | D:3      | Reached skill level 5 in Conjurations
  2766 | D:3      | Reached XP level 5. HP: 26/41 MP: 1/11
  3798 | D:3      | Learned a level 4 spell: Iskenderun's Mystic Blast
  3990 | D:4      | Found Arephox's Antique Armour Emporium.
  4089 | D:3      | Reached XP level 6. HP: 46/50 MP: 5/13
  4794 | D:4      | Reached skill level 6 in Conjurations
  4995 | D:4      | Got a jewelled short sword
  5123 | D:5      | Entered Level 5 of the Dungeon
  5147 | D:5      | Noticed Grinder
  5162 | D:5      | Paralysed by Grinder for 3 turns
  5172 | D:5      | Paralysed by Grinder for 5 turns
  5180 | D:5      | Killed from afar by Grinder

Skill      XL: |  1  2  3  4  5  6 |
---------------+-------------------+-----
Spellcasting   | 2 3 |  3.4
Conjurations   | 4 5 6 |  6.1
Fighting       | 1 2 3 |  3.0
Dodging        | |  1.7
Stealth        | |  1.7

Action                   |  1- 3 |  4- 6 || total
-------------------------+-------+-------++-------
Melee: Unarmed           |     1 |       ||     1
       Short sword       |    19 |    16 ||    35
 Cast: Magic Dart        |   107 |   160 ||   267
       Iskenderun's Myst |       |    15 ||    15
  Use: Scroll            |       |     7 ||     7
       Potion            |       |     3 ||     3
  Eat: Chunk             |     3 |    19 ||    22
Armor: Robe              |     7 |     1 ||     8
       Leather armour    |       |    23 ||    23
Dodge: Dodged            |    29 |    51 ||    80
